 Dungeon Crawl Stone Soup version 0.26-b1-32-g5d43845318 (webtiles) character file.

Game seed: 12113243819427159849

42814 Borgoz the Basher (level 14, -4/90 HPs)
             Began as a Gargoyle Berserker on Jan 12, 2021.
             Was a High Priest of Trog.
             Slain by a wolf (5 damage)
             ... on level 5 of the Lair of Beasts.
             The game lasted 00:32:08 (21718 turns).

Borgoz the Basher (Gargoyle Berserker)             Turns: 21718, Time: 00:32:08

Health: -4/90      AC: 28    Str: 21    XL:     14   Next: 21%
Magic:  0/14       EV: 19    Int:  9    God:    Trog [*****.]
Gold:   1673       SH:  0    Dex: 13    Spells: 13/13 levels left

rFire    + . .     SeeInvis .   K - +8 flail "Netymoew" {drain, +Blink +Rage}
rCold    . . .     Faith    .   (no shield)
rNeg     + . .     Spirit   +   d - +6 leather armour of Moral Flaws {rF+}
rPois    ∞         Reflect  .   O - +2 hat
rElec    +         Harm     .   F - scarf {repulsion}
rCorr    .         Rampage  .   (no gloves)
Will     ++...                  b - +0 pair of boots
Stlth    +.........             e - amulet of guardian spirit
HPRegen  0.25/turn              f - +4 ring of protection
MPRegen  0.14/turn              E - ring of willpower

@: about to teleport, berserk cooldown, slowed, studying Long Blades, repel
missiles, very slow
A: big wings, negative energy resistance 1, electricity resistance, unbreathing,
petrification resistance, miasma immunity, AC +10
a: Fly, Renounce Religion, Evoke Blink, Evoke Berserk Rage, Berserk, Trog's
Hand, Brothers in Arms


You were on level 5 of the Lair of Beasts.
You worshipped Trog.
Trog was extremely pleased with you.
You visited 3 branches of the dungeon, and saw 19 of its levels.

You collected 1673 gold pieces.

Inventory:

Hand Weapons
 I - a +0 dire flail
 K - the +8 flail "Netymoew" (weapon) {drain, +Blink +Rage}
   (You found it on level 3 of the Lair of Beasts)

   A truly terrible weapon, it drains the life of those it strikes.
   It lets you blink.
   It lets you go berserk.
Missiles
 m - a throwing net (quivered)
Armour
 b - a +0 pair of boots (worn)
 d - the +6 leather armour of Moral Flaws (worn) {rF+}
   (You found it on level 9 of the Dungeon)

   It protects you from fire.
 F - a scarf of repulsion (worn)
 J - a +3 troll leather armour
 O - a +2 hat (worn)
Jewellery
 a - an uncursed ring of positive energy
 e - an amulet of guardian spirit (around neck)
 f - a +4 ring of protection (left hand)
 o - an uncursed ring of protection from cold
 D - an uncursed amulet of regeneration
 E - a ring of willpower (right hand)
Wands
 r - a wand of acid (11)
 t - a wand of flame (127)
 u - a wand of iceblast (38)
 x - a wand of digging (6)
 G - a wand of disintegration (16)
Scrolls
 i - 2 scrolls of enchant weapon {unknown}
 l - 6 scrolls of teleportation
 q - 4 scrolls of fog {unknown}
 s - 5 scrolls of immolation {unknown}
 v - 6 scrolls of random uselessness {unknown}
 y - 6 scrolls of remove curse
 A - 3 scrolls of fear {unknown}
 B - a scroll of blinking {unknown}
 H - 4 scrolls of magic mapping
 N - a scroll of summoning {unknown}
Potions
 c - 2 potions of magic {unknown}
 g - a potion of mutation
 h - 4 potions of flight
 j - 9 potions of curing
 k - 2 potions of might
 n - a potion of haste
 p - 2 potions of cancellation {unknown}
 w - a potion of berserk rage
 z - a potion of heal wounds
 C - a potion of invisibility {unknown}
 L - a potion of degeneration {unknown}
Books
 M - a manual of Long Blades


   Skills:
 + Level 11.3 Fighting
 * Level 14.0 Maces & Flails
 + Level 11.1 Armour
 * Level 11.9 Dodging


You had 13 spell levels left.
You didn't know any spells.
Your spell library was empty.

Dungeon Overview and Level Annotations

Branches:
Dungeon (13/15)            Temple (1/1) D:5            Lair (5/6) D:9
 Shoals (0/4) Lair:3       Spider (0/4) Lair:3          Orc (0/2) D:9
 Vaults (0/5) D:13
  Slime: Lair:5-6

Altars:
Ashenzari
Cheibriados
Dithmenos
Elyvilon
Fedhas
Gozag
Hepliaklqana
Kikubaaqudgha
Makhleb
Nemelex Xobeh
Okawaru
Qazlal
Ru
Sif Muna
Trog
Uskayaw
Vehumet
Wu Jian
Xom
Yredelemnul
Zin
The Shining One

Shops:
D:9 (

Portals:
Trove: D:13 (give 2 scrolls of acquirement)

Annotations:
Lair:1 3 runed translucent doors, Firil's ghost, journeyman OpFE
Lair:3 3 runed translucent doors, jmlagarto's ghost, journeyman DsIE


Innate Abilities, Weirdness & Mutations

You are resistant to torment.
Your stone body is resilient. (AC +10)
You are immune to poison.
Your large and strong wings let you fly indefinitely.
You resist negative energy. (rN+)
You are resistant to electric shocks. (rElec)
You can survive without breathing.
You are immune to petrification.
You are immune to miasma.


Message History

The dream sheep closely misses you.
The death yak gores you but does no damage.
The wolf barely misses you. The black mamba completely misses you.
The blink frog hits you.
* * * LOW HITPOINT WARNING * * *
The blink frog blinks!
Things that are here:
a water moccasin corpse; a dream sheep corpse; a blink frog corpse You feel a strong urge to attack something.
You are no longer berserk.
You are exhausted.
You feel yourself slow down. The wolf bites you.
* * * LOW HITPOINT WARNING * * *
As you read the scroll of teleportation, it crumbles to dust.
You feel strangely unstable. The black mamba closely misses you.
The wolf closely misses you. The black mamba bites you.
* * * LOW HITPOINT WARNING * * *
The blink frog blinks!
The dream sheep closely misses you. The bullfrog misses you.
The wolf bites you.
You die...

****,,,,,,,,**,,,*
*#.P.....,,,,,,,***
*.....#.,,,,,,,**
*###.....**..,,,,,*
*,......**#..,,,***
#####....**#P...,** ***
#.....F.#*#..,..*****,*
#......F##.##...,*,,,,,
#.....@hSi......,,,,,,,
##.§.YSYYh......,,,,,,,
#....DYYFFF....,*,,,>,
##...SY.iY.....,,,,,,,
*#......kh#Y§...,,,,*,,
#.......#...§§..,,,***,
#............§§.,,,****
#...........Y§§§,,,,*
##...#......§♣§Y**,,***


You could see a death yak (drained), a seven-headed hydra, 3 elephants, a black
mamba, 2 cane toads, 2 blink frogs, a rime drake, 2 water moccasins, a black
bear, 2 spriggans, 2 wolves, a bullfrog and 5 dream sheep.

Vanquished Creatures
  2 entropy weavers (Lair:4)
  A vault guard (D:13)
  Harold (D:10)
  5 hydras
  A catoblepas (Lair:4)
  3 two-headed ogres
  Sonja (D:12)
  A queen ant (Lair:4)
  The ghost of Lanoc the Cleaver, a novice DDFi of Gozag (D:7)
  2 skeletal warriors (D:13)
  Pikel (D:7)
  A lindwurm (Lair:3)
  An orb spider (Lair:3)
  The ghost of Subaru the Ruffian, a novice DrTm of Okawaru (D:6)
  2 necromancers (D:11)
  An ugly thing (D:12)
  3 manticores
  A deep elf mage (D:13)
  The ghost of Britaniac the Chiller, a novice DsIE of Okawaru (D:7)
  Joseph (D:8)
  Maurice (D:8)
  4 black mambas
  5 cane toads
  A gargoyle (D:11)
  A rime drake (Lair:3)
  A torpor snail (Lair:5)
  3 komodo dragons
  5 trolls
  Prince Ribbit (D:5)
  6 hornets (Lair:3)
  4 dream sheep
  A snapping turtle (Lair:3)
  A blink frog (Lair:5)
  A meliai zombie (D:11)
  4 flying skulls (D:11)
  Sigmund (D:3)
  2 shadows (D:11)
  2 vampires
  3 wraiths (D:11)
  3 wyverns
  A basilisk (Lair:1)
  15 yaks
  The ghost of trianova the Ruffian, an amateur NaTm (D:3)
  Grum (D:8)
  A steam dragon (D:9)
  Menkaure (D:7)
  7 soldier ants
  15 water moccasins
  2 hornet zombies (D:11)
  4 orc warriors
  4 ice beasts
  4 phantoms
  5 black bears
  2 sky beasts (D:7)
  3 ogres
  4 necrophages
  3 wolves (D:8)
  9 centaurs
  A lemure (D:7)
  3 big kobolds (D:10)
  12 bullfrogs
  A wyvern zombie (D:11)
  A wyvern skeleton (D:11)
  5 scorpions
  9 killer bees
  9 wights
  An electric eel (Lair:3)
  4 howler monkeys
  8 centaur zombies
  4 bullfrog zombies
  4 jellies
  12 orc wizards
  2 hounds
  5 orc priests
  2 centaur skeletons
  6 bullfrog skeletons
  Ijyb (D:4)
  Terence (D:2)
  An iguana (D:9)
  37 worker ants
  A hound zombie (D:10)
  A hound skeleton (D:9)
  3 worker ant zombies
  4 gnolls
  9 adders
  A shadow imp (D:8)
  4 white imps
  An ufetubus (D:9)
  An ooze (D:2)
  An adder skeleton (D:5)
  3 worms
  2 dart slugs
  A leopard gecko (D:8)
  38 orcs
  6 giant cockroaches
  4 goblins
  7 hobgoblins
  6 jackals
  4 quokkas
  2 ball pythons
  10 bats
  5 frilled lizards
  7 kobolds
  A leopard gecko zombie (D:6)
  2 quokka skeletons (D:8)
  7 rats
  A bush (D:12)
424 creatures vanquished.

Vanquished Creatures (others)
  An electric eel (D:13)
  36 fungi
  78 plants
  6 withered plants (D:7)
121 creatures vanquished.

Grand Total: 545 creatures vanquished

Notes
Turn   | Place    | Note
-------+----------+-------------------------------------------
     0 | D:1      | Borgoz the Gargoyle Berserker began the quest for the Orb.
     0 | D:1      | Reached XP level 1. HP: 14/14 MP: 1/1
   424 | D:1      | Reached XP level 2. HP: 19/19 MP: 2/2
  1267 | D:2      | Reached XP level 3. HP: 23/23 MP: 3/3
  1350 | D:2      | Reached ** piety under Trog
  1455 | D:2      | Noticed Terence
  1469 | D:2      | Killed Terence
  1470 | D:2      | Reached XP level 4. HP: 17/28 MP: 2/4
  1794 | D:2      | Found a glowing golden altar of the Shining One.
  2535 | D:2      | Reached skill level 4 in Maces & Flails
  2535 | D:2      | Reached XP level 5. HP: 33/33 MP: 5/5
  2801 | D:3      | Noticed Sigmund
  2812 | D:3      | Killed Sigmund
  2813 | D:3      | Reached XP level 6. HP: 38/38 MP: 4/6
  3223 | D:3      | Found a runed translucent gate.
  3223 | D:3      | Found a runed translucent gate.
  3223 | D:3      | Found an opulent altar of Gozag.
  3224 | D:3      | Found a runed translucent gate.
  3225 | D:3      | Noticed trianova's ghost (amateur NaTm)
  3763 | D:4      | Found a white marble altar of Elyvilon.
  3780 | D:4      | Reached skill level 5 in Maces & Flails
  3780 | D:4      | Reached XP level 7. HP: 44/44 MP: 7/7
  4258 | D:4      | Noticed Ijyb
  4275 | D:4      | Killed Ijyb
  4602 | D:5      | Entered Level 5 of the Dungeon
  4747 | D:5      | Reached skill level 5 in Fighting
  4926 | D:5      | Found a staircase to the Ecumenical Temple.
  4932 | Temple   | Entered the Ecumenical Temple
  5162 | D:5      | Noticed Prince Ribbit
  5177 | D:5      | Reached *** piety under Trog
  5178 | D:5      | Reached XP level 8. HP: 20/49 MP: 2/8
  5447 | D:5      | HP: 1/49 [Prince Ribbit (12)]
  5456 | D:5      | Reached skill level 6 in Maces & Flails
  6525 | D:5      | Killed Prince Ribbit
  6526 | D:5      | Reached skill level 5 in Dodging
  6617 | D:6      | Reached skill level 5 in Armour
  6825 | D:6      | Found a runed translucent door.
  6828 | D:6      | Noticed Subaru's ghost (novice DrTm)
  6943 | D:6      | Found a stormy altar of Qazlal.
  7429 | D:6      | Reached skill level 7 in Maces & Flails
  7429 | D:6      | Reached XP level 9. HP: 47/55 MP: 6/9
  7699 | D:6      | Killed Subaru's ghost
  7847 | D:3      | Killed trianova's ghost
  8219 | D:7      | Noticed Pikel
  8225 | D:7      | Killed Pikel
  8226 | D:7      | Reached skill level 8 in Maces & Flails
  8556 | D:7      | Found a runed translucent gate.
  8556 | D:7      | Found a runed translucent gate.
  8556 | D:7      | Found a runed translucent gate.
  8628 | D:7      | Noticed Lanoc's ghost (novice DDFi)
  8628 | D:7      | Noticed Britaniac's ghost (novice DsIE)
  8656 | D:7      | Noticed Menkaure
  8675 | D:7      | Killed Menkaure
  9141 | D:7      | Reached XP level 10. HP: 56/61 MP: 10/10
  9577 | D:7      | Killed Lanoc's ghost
  9578 | D:7      | Reached skill level 9 in Maces & Flails
  9775 | D:7      | Killed Britaniac's ghost
  9872 | D:8      | Noticed Maurice
 10049 | D:8      | Found a shimmering altar of Xom.
 10365 | D:8      | Killed Maurice
 10753 | D:8      | Noticed Grum
 10810 | D:8      | Killed Grum
 10856 | D:8      | Found a runed translucent door.
 10857 | D:8      | Found a runed translucent door.
 11115 | D:8      | Noticed Joseph
 11151 | D:8      | Killed Joseph
 11256 | D:8      | Reached XP level 11. HP: 58/68 MP: 9/11
 11402 | D:8      | Reached skill level 10 in Maces & Flails
 11762 | D:9      | Found a staircase to the Lair.
 11767 | D:9      | Found a staircase to the Orcish Mines.
 11923 | D:9      | Found Bomin's Antique Weapon Boutique.
 12305 | D:9      | Reached **** piety under Trog
 12358 | D:9      | Got a spiked leather armour
 12369 | D:9      | Identified the +6 leather armour of Moral Flaws {rF+} (You
                  | found it on level 9 of the Dungeon)
 12403 | D:10     | Entered Level 10 of the Dungeon
 12611 | D:10     | Found a glowing golden altar of the Shining One.
 12768 | D:10     | Noticed a two-headed hydra
 12777 | D:10     | Killed a two-headed hydra
 13036 | D:10     | Noticed Harold
 13048 | D:10     | Killed Harold
 13049 | D:10     | Reached skill level 11 in Maces & Flails
 13392 | D:11     | Noticed a two-headed ogre
 13400 | D:11     | Killed a two-headed ogre
 13645 | D:11     | Noticed a necromancer
 13645 | D:11     | Noticed a necromancer
 13662 | D:11     | Reached XP level 12. HP: 76/76 MP: 9/12
 14353 | D:11     | Reached ***** piety under Trog
 14572 | D:11     | Noticed a two-headed ogre
 14581 | D:11     | Killed a two-headed ogre
 14582 | D:11     | Reached skill level 10 in Dodging
 14661 | D:11     | Found a sacrificial altar of Ru.
 15018 | D:12     | Found a bloodstained altar of Trog.
 15126 | D:12     | Reached skill level 12 in Maces & Flails
 15678 | D:12     | Noticed Sonja
 15690 | D:12     | Killed Sonja
 15748 | D:12     | Found a blossoming altar of Fedhas.
 15978 | D:12     | Reached skill level 10 in Fighting
 16413 | D:13     | Found a gate to the Vaults.
 16413 | D:13     | Noticed a two-headed ogre
 16421 | D:13     | Killed a two-headed ogre
 16429 | D:13     | Reached XP level 13. HP: 82/82 MP: 10/13
 16510 | D:13     | Reached skill level 10 in Armour
 16527 | D:13     | HP: 3/82 [troll (5)]
 16809 | D:13     | Noticed a vault guard
 16826 | D:13     | Killed a vault guard
 16830 | D:13     | Found a portal to a secret trove of treasure.
 17013 | Lair:1   | Entered Level 1 of the Lair of Beasts
 17334 | Lair:1   | Found a runed translucent gate.
 17334 | Lair:1   | Found a runed translucent gate.
 17334 | Lair:1   | Found a runed translucent gate.
 17340 | Lair:1   | Noticed a minotaur
 17527 | Lair:1   | Noticed Firil's ghost (journeyman OpFE)
 17641 | Lair:1   | Received a gift from Trog
 18327 | Lair:2   | Reached skill level 13 in Maces & Flails
 18990 | Lair:3   | Noticed jmlagarto's ghost (journeyman DsIE)
 18998 | Lair:3   | Noticed a minotaur
 19053 | Lair:3   | Found a hole to the Spider Nest.
 19410 | Lair:3   | Got a faintly glowing flail
 19411 | Lair:3   | Identified the +8 flail "Netymoew" {drain, +Blink +Rage}
                  | (You found it on level 3 of the Lair of Beasts)
 19687 | Lair:3   | Found a staircase to the Shoals.
 20456 | Lair:3   | Found a runed translucent gate.
 20456 | Lair:3   | Found a runed translucent gate.
 20456 | Lair:3   | Found a runed translucent gate.
 20631 | Lair:4   | Noticed an entropy weaver
 20631 | Lair:4   | Noticed an entropy weaver
 20686 | Lair:4   | Killed an entropy weaver
 20731 | Lair:4   | Killed an entropy weaver
 20741 | Lair:4   | Gained mutation: Your large and strong wings let you fly
                  | indefinitely. [Gargoyle growth]
 20741 | Lair:4   | Reached XP level 14. HP: 40/90 MP: 4/14
 21685 | Lair:5   | Received a gift from Trog
 21711 | Lair:5   | Reached skill level 14 in Maces & Flails
 21718 | Lair:5   | HP: 1/90 [black mamba (4)]
 21718 | Lair:5   | Slain by a wolf

Illustrated notes

Levels and vault maps discovered:
D:1:      lightli_arrival_lavapool, layout_loops_corners, serial_forest,
          infiniplex_forest_clump_long, infiniplex_forest_3_way,
          infiniplex_forest_end_2, infiniplex_forest_clump_long,
          infiniplex_forest_clump_C, infiniplex_forest_zigzag_1,
          infiniplex_forest_lined_room_2, infiniplex_forest_split,
          infiniplex_forest_end_2, serial_bayou_pond_e
D:2:      wad_lake_hut, layout_basic, lemuel_coloured_pillars_altar,
          uniq_terence
D:3:      layout_basic, ebering_ghost_gozag, uniq_sigmund
D:4:      layout_loops_ring, lemuel_altar_in_water, uniq_ijyb
D:5:      layout_gridville, minmay_temple_entry_butterflies, uniq_prince_ribbit1
D:6:      layout_gridville, ebering_ghost_reflecting_pool, grunt_qazlal_clouds
D:7:      layout_basic, gammafunk_ghost_cemetery, uniq_menkaure, uniq_pikel
D:8:      lemuel_insect_pit, layout_basic, small_statue_intersection,
          lemuel_tele_altar, uniq_grum, uniq_joseph, uniq_maurice
D:9:      layout_rooms, due_lair_maze_entry_diamond, orc_0_dummy, serial_shops,
          nicolae_shop_waterfront
D:10:     layout_basic, basic_altar, hangedman_ranch [blue_anna_fruit_fields],
          uniq_harold
D:11:     hangedman_screamer, layout_layer_cave, minmay_misc_feat_enclosed,
          hangedman_decor_lopped, nicolae_ru_sacrificial_ziggurat
D:12:     layout_small_grid, basic_altar, fedhas_altar_decomposition, uniq_sonja
D:13:     layout_long_grid, david_vaults_1, basic_altar, enter_trove_5,
          lemuel_freeze_loot_1
Temple:   minmay_crystal_snake_temple
Lair:1:   layout_long_grid, maelrawn_ghost_gauntlet_escape
Lair:2:   layout_cave_pods
Lair:3:   cheibrodos_lair_overgrown_chateau, layout_loops_ring,
          minmay_shoals_entry_hut, nicolae_spider_entry_orb_guardian,
          maelrawn_ghost_gauntlet_escape
Lair:4:   layout_misc_corridors, minmay_another_anthill,
          infiniplex_staircase_pool
Lair:5:   wad_woods_stonehenge, layout_misc_corridors, gauntlet_entry_generic

Skill      XL: |  1  2  3  4  5  6  7  8  9 10 11 12 13 14 |
---------------+-------------------------------------------+-----
Dodging        | 2 3 4 5 6 8 9 10 11 | 11.9
Armour         | 3 4 5 6 7 8 9 10 11 | 11.1
Maces & Flails | 4 5 7 8 9 11 12 13 14 | 14.0
Fighting       | 4 5 6 8 9 10 11 | 11.3

Action                   |  1- 3 |  4- 6 |  7- 9 | 10-12 | 13-15 || total
-------------------------+-------+-------+-------+-------+-------++-------
Melee: Mace              |   104 |       |       |       |       ||   104
       Flail             |       |   101 |   499 |   440 |   356 ||  1396
       Whip              |       |    26 |       |       |       ||    26
       Dire flail        |       |       |       |   705 |   281 ||   986
Throw: Throwing net      |       |       |       |     3 |     1 ||     4
Invok: Berserk           |       |     3 |     9 |     9 |     4 ||    25
       Trog's Hand       |       |       |     1 |     1 |     2 ||     4
Evoke: Wand              |       |       |       |     8 |       ||     8
  Use: Scroll            |       |     1 |       |    15 |     4 ||    20
       Potion            |       |       |     4 |       |     2 ||     6
 Stab: Distracted        |       |       |       |     1 |       ||     1
       Held in net/web   |       |       |       |       |     2 ||     2
Armor: Animal skin       |    39 |       |       |       |       ||    39
       Ring mail         |       |    59 |   276 |   292 |       ||   627
       Leather armour    |       |       |       |   196 |   301 ||   497
Dodge: Dodged            |    79 |    88 |   294 |   806 |   605 ||  1872
       Repelled          |       |       |     3 |     8 |     1 ||    12
